 Dungeon Crawl Stone Soup version 0.27.1-33-g824d729ab1 (webtiles) character file.

Game seed: 14833742115085608514

3687 jiml777 the Blocker (level 10, -15/61 HPs)
             Began as a Gargoyle Fighter on Dec 10, 2021.
             Was an Initiate of Gozag.
             Demolished by a two-headed ogre (17 damage)
             ... on level 9 of the Dungeon.
             The game lasted 00:54:47 (12931 turns).

jiml777 the Blocker (Gargoyle Fighter)             Turns: 12931, Time: 00:54:49

Health: -15/61     AC: 20    Str: 22    XL:     10   Next: 13%
Magic:  10/10      EV:  9    Int: 11    God:    Gozag
Gold:   682        SH: 11    Dex:  9    Spells: 9/9 levels left

rFire    + . .     SeeInvis +   s - +2 dagger (elec)
rCold    + . .     Faith    .   c - +0 kite shield
rNeg     + . .     Spirit   .   b - +0 scale mail
rPois    ∞         Reflect  .   d - +0 helmet
rElec    +         Harm     .   G - +0 cloak
rCorr    .         Rampage  .   m - +0 pair of gloves
Will     .....                  E - +0 pair of boots
Stlth    ..........             (no amulet)
HPRegen  0.20/turn              z - ring "Myprogos" {*Corrode rF+ rC+ Str+3}
MPRegen  0.12/turn              v - ring of see invisible

@: no status effects
A: sickness immunity, AC +7, negative energy resistance 1, electricity
resistance, torment resistance 1, petrification resistance, weak 1
a: Renounce Religion, Potion Petition, Call Merchant, Bribe Branch


You were on level 9 of the Dungeon.
You worshipped Gozag.
Gozag was pleased with you.
You visited 2 branches of the dungeon, and saw 10 of its levels.

You collected 787 gold pieces.
You paid 105 gold pieces to Gozag.

Inventory:

Hand Weapons
 a - a +0 war axe
 g - a +2 dagger of chaos
 o - a +0 hunting sling
 s - a +2 dagger of electrocution (weapon)
 J - a +1 vorpal hand axe
Missiles
 f - 9 sling bullets
 h - 136 arrows
 p - 176 stones (quivered)
 x - 27 poisoned darts
 F - 3 throwing nets
Armour
 b - a +0 scale mail (worn)
 c - a +0 kite shield (worn)
 d - a +0 helmet (worn)
 m - a +0 pair of gloves (worn)
 E - a +0 pair of boots (worn)
 G - a +0 cloak (worn)
Jewellery
 v - a ring of see invisible (right hand)
 z - the ring "Myprogos" (left hand) {*Corrode rF+ rC+ Str+3}
   (You found it on level 4 of the Dungeon)

   [ring of protection from fire]

   Str:       It affects your strength (+3).
   rF:        It protects you from fire.
   rC:        It protects you from cold.
   *Corrode:  It may corrode you when you take damage.
 D - a ring of positive energy
Scrolls
 i - a scroll of fear {unknown}
 j - a scroll of holy word {unknown}
 k - a scroll of amnesia
 l - a scroll of enchant weapon {unknown}
 r - 2 scrolls of silence {unknown}
 t - 3 scrolls of magic mapping
 u - a scroll of summoning {unknown}
 y - 2 scrolls of vulnerability {unknown}
 H - a scroll of blinking {unknown}
Potions
 e - a potion of flight
 n - 3 potions of brilliance
 q - a potion of berserk rage
 A - a potion of degeneration {unknown}
 B - a potion of resistance {unknown}
 C - a potion of magic {unknown}
 I - a potion of ambrosia {unknown}
 L - a potion of attraction {unknown}


   Skills:
 + Level 6.6 Fighting
 + Level 4.1 Short Blades
 + Level 6.0 Axes
 + Level 8.0 Armour
 + Level 3.3 Dodging
 + Level 2.1 Stealth
 + Level 8.1 Shields


You had 9 spell levels left.
You didn't know any spells.
Your spell library contained the following spells:

 Spells                   Type           Power      Damage    Failure   Level
 Animate Skeleton         Necr           0%         N/A       89%         1
 Corona                   Hex            0%         N/A       89%         1
 Pain                     Necr           0%         1d4       89%         1
 Corpse Rot               Necr/Air       N/A        N/A       96%         2
 Ensorcelled Hibernation  Hex/Ice        0%         N/A       96%         2
 Slow                     Hex            0%         N/A       96%         2
 Confusing Touch          Hex            0%         N/A       99%         3
 Ignite Poison            Fire/Tmut/Pois 0%         N/A       99%         3
 Mephitic Cloud           Conj/Pois/Air  0%         N/A       99%         3
 Tukima's Dance           Hex            0%         N/A       99%         3
 Vampiric Draining        Necr           0%         2d6       99%         3
 Dispel Undead            Necr           0%         3d6       100%        4
 Summon Lightning Spire   Summ/Air       0%         N/A       100%        4
 Agony                    Necr           0%         N/A       100%        5
 Bolt of Magma            Conj/Fire/Erth 0%         4d4       100%        5
 Excruciating Wounds      Necr           0%         N/A       100%        5
 Yara's Violent Unravell  Hex/Tmut       0%         3d3       100%        5
 Death Channel            Necr           0%         N/A       100%        6
 Dragon's Call            Summ           0%         N/A       100%        9


Dungeon Overview and Level Annotations

Branches:
Dungeon (9/15)             Temple (1/1) D:4
   Lair: D:8-11         Orc: D:9-12

Altars:
Ashenzari
Cheibriados
Dithmenos
Elyvilon
Fedhas
Gozag
Hepliaklqana
Kikubaaqudgha
Makhleb
Nemelex Xobeh
Okawaru
Qazlal
Ru
Sif Muna
Trog
Uskayaw
Vehumet
Wu Jian
Xom
Yredelemnul
Zin
The Shining One

Annotations:
D:7 Harold


Innate Abilities, Weirdness & Mutations

You are immune to sickness and miasma.
Your stone body is resilient. (AC +7)
You are immune to poison.
You resist negative energy. (rN+)
You are resistant to electric shocks. (rElec)
You are resistant to unholy torment.
You are immune to petrification.
You are weak. (Str -2)


Message History

There is a stone staircase leading up here.
A two-headed ogre comes into view. It is wielding two +0 giant clubs.
The two-headed ogre shouts in stereo!
You hit the two-headed ogre.
The two-headed ogre is lightly wounded.
The two-headed ogre hits you with a +0 giant club!
You block the two-headed ogre's attack.
You hit the two-headed ogre.
The two-headed ogre is lightly wounded.
The two-headed ogre hits you with a +0 giant club!
You block the two-headed ogre's attack.
You barely miss the two-headed ogre.
The two-headed ogre is lightly wounded.
You hit the two-headed ogre.
The two-headed ogre is moderately wounded.
You block the two-headed ogre's attack.
The two-headed ogre hits you with a +0 giant club.
You hit the two-headed ogre.
The two-headed ogre is moderately wounded.
You block the two-headed ogre's attack. The two-headed ogre barely misses you.
You hit the two-headed ogre.
Lightning courses through the two-headed ogre!
The two-headed ogre is heavily wounded.
You hit the two-headed ogre.
The two-headed ogre is heavily wounded.
The two-headed ogre barely misses you.
The two-headed ogre hits you but does no damage.
You hit the two-headed ogre.
The two-headed ogre is heavily wounded.
The two-headed ogre hits you with a +0 giant club!!
* * * LOW HITPOINT WARNING * * *
You block the two-headed ogre's attack.
You hit the two-headed ogre but do no damage.
Lightning courses through the two-headed ogre!
The two-headed ogre is almost dead.
The two-headed ogre hits you with a +0 giant club!
* * * LOW HITPOINT WARNING * * *
The two-headed ogre hits you with a +0 giant club!
You die...
Your body crumbles into a pile of gold.

################################
................................
####........########............
#........# #............
#...<....# #............
####........########............
...............O@...............
>....#######...###...##########.
.....# #≈≈...≈≈#...# [....#
##≈..♣..≈#...# .....#
##............#
.....###...♣._.♣.....######
.......................>....
)#####.###≈..♣..≈###.####### )#
#.# #≈≈...≈≈# #.#


You could see a two-headed ogre.

Vanquished Creatures
  Maurice (D:9)
  A hornet (D:9)
  A vampire mosquito (D:9)
  A steam dragon (D:8)
  An acid dragon (D:8)
  A water moccasin (D:5)
  A sky beast (D:5)
  2 orc warriors
  A hornet zombie (D:9)
  An ice beast (D:7)
  2 ogres
  2 phantoms
  2 kobold brigands
  2 bullfrogs (D:8)
  A gnoll sergeant (D:6)
  A wyvern skeleton (D:7)
  A killer bee (D:9)
  9 wights
  2 howler monkeys
  A crimson imp (D:5)
  3 bullfrog zombies
  A centaur zombie (D:9)
  A hound (D:7)
  A human zombie (D:4)
  3 orc priests (D:7)
  A gnoll shaman (D:5)
  2 centaur skeletons (D:4)
  3 iguanas
  3 orc wizards
  A scorpion zombie (D:4)
  A hound zombie (D:4)
  2 hound skeletons
  3 mummies (D:4)
  12 gnolls
  12 adders
  3 ufetubi
  2 adder zombies (D:4)
  An adder skeleton (D:5)
  3 worms
  2 dart slugs
  22 orcs
  5 endoplasms
  A giant cockroach (D:2)
  7 goblins
  8 hobgoblins
  9 jackals
  4 quokkas
  5 ball pythons
  5 bats
  2 frilled lizards (D:1)
  11 kobolds
  A quokka zombie (D:4)
  3 rats
177 creatures vanquished.

Vanquished Creatures (others)
  A quokka (D:9)
  2 fungi (D:2)
  8 plants
11 creatures vanquished.

Grand Total: 188 creatures vanquished

Notes
Turn   | Place    | Note
-------+----------+-------------------------------------------
     0 | D:1      | jiml777 the Gargoyle Fighter began the quest for the Orb.
     0 | D:1      | Reached XP level 1. HP: 14/14 MP: 1/1
   296 | D:1      | Reached XP level 2. HP: 18/19 MP: 2/2
   907 | D:1      | Reached XP level 3. HP: 21/23 MP: 3/3
  1522 | D:2      | Reached XP level 4. HP: 26/29 MP: 4/4
  1903 | D:2      | Found a faded altar of an unknown god.
  2568 | D:3      | Found a radiant altar of Vehumet.
  2879 | D:3      | Reached XP level 5. HP: 31/33 MP: 5/5
  2947 | D:3      | Found a shimmering blue altar of Sif Muna.
  3447 | D:4      | Noticed a phantom
  3468 | D:3      | Killed a phantom
  3756 | D:4      | Reached XP level 6. HP: 32/38 MP: 6/6
  4088 | D:4      | Reached XP level 7. HP: 18/44 MP: 7/7
  4293 | D:4      | Reached skill level 5 in Armour
  4335 | D:4      | Found a staircase to the Ecumenical Temple.
  4346 | Temple   | Entered the Ecumenical Temple
  4587 | D:4      | Reached skill level 1 in Dodging
  5126 | D:4      | Found a basalt altar of Yredelemnul.
  5149 | D:4      | Reached skill level 5 in Shields
  5276 | D:4      | Reached skill level 5 in Axes
  5666 | D:4      | Identified the ring "Myprogos" {*Corrode rF+ rC+ Str+3}
  5953 | D:5      | Entered Level 5 of the Dungeon
  6431 | D:5      | Found a sparkling altar of Nemelex Xobeh.
  6471 | D:5      | Reached XP level 8. HP: 36/48 MP: 8/8
  6902 | D:5      | Found a burning altar of Makhleb.
  6902 | D:5      | Found a shimmering altar of Xom.
  7182 | D:5      | Reached skill level 5 in Fighting
  7182 | D:5      | Reached skill level 1 in Stealth
  8401 | D:7      | Found a hazy altar of Hepliaklqana.
  8483 | D:7      | Got the Guide on Companions
  8730 | D:7      | Reached skill level 1 in Short Blades
  8804 | D:7      | Found an opulent altar of Gozag.
  8816 | D:7      | Became a worshipper of Gozag Ym Sagoz the Greedy
  8857 | D:7      | Noticed a six-headed hydra
  9026 | D:7      | Reached XP level 9. HP: 55/55 MP: 9/9
  9937 | D:7      | Noticed Harold
  9966 | D:7      | HP: 1/55 [Harold (13)]
 12059 | D:9      | Noticed a hornet
 12094 | D:9      | Killed a hornet
 12251 | D:9      | Noticed Maurice
 12263 | D:9      | Paralysed by Maurice for 3 turns
 12280 | D:9      | Paralysed by Maurice for 2 turns
 12284 | D:9      | Killed Maurice
 12285 | D:9      | Reached XP level 10. HP: 26/61 MP: 10/10
 12624 | D:8      | Gained mutation: You are weak. (Str -2) [potion of
                  | mutation]
 12624 | D:8      | Gained mutation: Armour fits poorly on your strangely
                  | shaped body. [potion of mutation]
 12625 | D:8      | Lost mutation: Armour fits poorly on your strangely shaped
                  | body. [potion of mutation]
 12625 | D:8      | Gained mutation: You are very weak. (Str -4) [potion of
                  | mutation]
 12625 | D:8      | Lost mutation: You are very weak. (Str -4) [potion of
                  | mutation]
 12658 | D:9      | Found a white marble altar of Elyvilon.
 12733 | D:9      | Identified the +1 robe "Jiemamu" {Str+2}
 12834 | D:9      | Noticed a manticore
 12914 | D:9      | Noticed a two-headed ogre
 12931 | D:9      | HP: 2/61 [two-headed ogre (13)]
 12931 | D:9      | Demolished by a two-headed ogre

Illustrated notes

Levels and vault maps discovered:
D:1:      dpeg_arrival_renting, layout_loops_ring, minmay_split_cup_small
D:2:      layout_loops_ring, shapermc_ecumenical_altar_mp_ritualfount,
          minmay_pentomino_x4
D:3:      layout_loops_corners, mainiacjoe_overflow_small_starburst,
          led_sif_pool
D:4:      layout_gridville, lemuel_mausoleum_altar_yredelemnul,
          minmay_temple_entry_statues_fountains
D:5:      layout_basic, lemuel_tele_altar,
          grunt_temple_overflow_champion_of_chaos, chequers_big_river
D:6:      layout_rooms
D:7:      layout_basic, grunt_gozag_breadcrumbs, mainiacjoe_overflow_catwalk,
          uniq_harold
D:8:      layout_layer_cave
D:9:      nzn_winding_woodlands_small [nzn_winding_woodlands_5x15_twine,
          nzn_winding_woodlands_center_triple_pond,
          nzn_winding_woodlands_5x15_cabin], layout_small_grid,
          elyvilon_altar_4, uniq_maurice
Temple:   nicolae_temple_figure_eight

Skill      XL: |  1  2  3  4  5  6  7  8  9 10 |
---------------+-------------------------------+-----
Axes           | 2 3 4 5 6 |  6.0
Armour         | 4 5 6 7 8 |  8.0
Shields        | 4 5 6 7 8 |  8.1
Fighting       | 4 5 6 |  6.6
Dodging        | 1 2 3 |  3.3
Stealth        | 1 2 |  2.1
Short Blades   | 1 4 |  4.1

Action                   |  1- 3 |  4- 6 |  7- 9 | 10-12 || total
-------------------------+-------+-------+-------+-------++-------
Melee: War axe           |   117 |   166 |   287 |       ||   570
       Dagger            |       |       |   350 |    47 ||   397
 Fire: Hunting sling     |       |       |     3 |       ||     3
  Use: Scroll            |       |       |     6 |     2 ||     8
       Potion            |       |       |     8 |     3 ||    11
 Stab: Distracted        |       |       |     1 |       ||     1
Armor: Scale mail        |    91 |    82 |   266 |    37 ||   476
Dodge: Dodged            |    56 |    69 |   199 |    10 ||   334
Block: Kite shield       |    94 |    91 |   358 |    30 ||   573
